WCHLSIM.com - West Coast Hockey League
html PUBLIC "-//W3C//DTD XHTML 1.0 Transitional//EN" "http://www.w3.org/TR/xhtml1/DTD/xhtml1-transitional.dtd"> WCHL - Game 413 - OAKLAND GORILLAS vs SAN DIEGO THUNDER

OAKLAND GORILLAS vs SAN DIEGO THUNDER

Created - 9 décembre 2022 at 06:42

Goals
1 2 3 T
OAKLAND GORILLAS 1 1 0 2
SAN DIEGO THUNDER 2 0 1 3
Shots
1 2 3 T
OAKLAND GORILLAS 5 9 5 19
SAN DIEGO THUNDER 8 10 7 25

1st period

1. SAN DIEGO THUNDER , Jordan Greenway 2 (Logan Couture 12) at 3:49 (PP)
2. SAN DIEGO THUNDER , Drake Batherson 7 (Charles McAvoy 17, Marcus Foligno 1) at 5:11
3. OAKLAND GORILLAS , Conor Garland 7 (Nico Hischier 20, Brock Boeser 11) at 13:44 (PP)

Penalties :
Jonas Siegenthaler (OAK) for Tripping (Minor) at 3:45, Blake Coleman (SDG) for High sticking (Minor) at 13:23, Nico Hischier (OAK) for Holding (Minor) at 14:38

2nd period

4. OAKLAND GORILLAS , Joel Farabee 2 (Boone Jenner 16, Cameron York 3) at 14:53

Penalties :
Riley Stillman (SDG) for Interference (Minor) at 9:22

3rd period

5. SAN DIEGO THUNDER , Charles McAvoy 5 (Logan Couture 13, Connor Murphy 3) at 2:42 (PP)

Penalties :
Tyler Myers (OAK) for Hooking (Minor) at 2:28, Evander Kane (SDG) for Interference (Minor) at 10:28, Alexandre Carrier (SDG) for Roughing (Minor) at 19:06

Goalie Stats

James Reimer (OAK), 22 saves from 25 shots - (0,880), L, 12-7-1, 59:00 minutes
Thomas Greiss (SDG), 17 saves from 19 shots - (0,895), W, 3-0-1, 60:00 minutes

Players Stats for OAKLAND GORILLAS

Player Name              G  A  P  +/- PIM S  H  SB GA TA FO     MP     PP MP  PK MP  
------------------------------------------------------------------------------------
Boone Jenner             0  1  1   1  0   2  2  1  0  0  10/14  18:58   2:11   0:34 
Brock Boeser             0  1  1  -1  0   0  1  0  0  0  0/1    20:40   3:01   0:00 
Calle Jarnkrok           0  0  0   0  0   2  2  0  0  0  2/4    19:11   0:00   1:04 
Cameron York             0  1  1   1  0   2  3  2  0  0  0/0    18:26   1:26   0:00 
Conor Garland            1  0  1  -1  0   2  2  0  0  0  0/0    21:01   3:01   0:21 
Curtis McKenzie          0  0  0   0  0   0  0  0  0  0  0/0     0:00   0:00   0:00 
David Kampf              0  0  0   0  0   0  0  0  0  0  1/1    18:41   0:00   0:34 
Hampus Lindholm          0  0  0  -1  0   1  0  0  0  0  0/0    20:25   2:19   1:17 
Joel Farabee             1  0  1   1  0   2  0  0  0  0  0/1    18:24   2:11   0:00 
Jonas Siegenthaler       0  0  0   1  2   1  2  0  0  0  0/0    16:59   0:00   0:00 
Martin Fehervary         0  0  0  -1  0   0  2  0  0  0  0/0    17:52   0:00   1:03 
Mason Appleton           0  0  0   1  0   1  1  0  0  0  0/0    16:13   0:00   0:00 
Nico Hischier            0  1  1  -1  2   4  2  0  0  0  20/26  21:29   3:01   0:18 
Nico Sturm               0  0  0   0  0   0  0  0  0  0  0/0     0:32   0:00   0:00 
Paul Stastny             0  0  0   0  0   2  0  0  0  0  12/22  22:33   2:11   1:43 
Tyler Myers              0  0  0   0  2   0  1  2  0  0  0/0    22:34   2:53   1:00 
Zachary Jones            0  0  0   0  0   0  0  0  0  0  0/0     0:17   0:17   0:00 
Zachary Werenski         0  0  0   0  0   0  0  0  0  0  0/0    23:25   3:29   1:14 

Players Stats for SAN DIEGO THUNDER

Player Name              G  A  P  +/- PIM S  H  SB GA TA FO     MP     PP MP  PK MP  
------------------------------------------------------------------------------------
Alexandre Carrier        0  0  0   1  2   0  3  1  0  0  0/0    20:34   0:38   0:00 
Aliaksei Protas          0  0  0   0  0   0  1  0  0  0  1/5     7:22   0:00   0:00 
Blake Coleman            0  0  0   0  2   2  2  0  0  0  6/20   15:57   0:00   2:46 
Brandon Saad             0  0  0   0  0   1  0  0  0  0  1/1    16:44   0:00   3:32 
Charles McAvoy           1  1  2   1  0   1  3  1  0  0  0/0    23:47   1:39   2:11 
Connor Murphy            0  1  1  -1  0   0  1  2  0  0  0/0    23:24   1:39   3:01 
Derek Forbort            0  0  0   0  0   0  0  1  0  0  0/0    16:51   0:00   3:01 
Drake Batherson          1  0  1   1  0   2  0  0  0  0  0/1    16:12   0:56   0:00 
Erik Cernak              0  0  0  -1  0   0  1  0  0  0  0/0    21:33   0:38   2:11 
Evander Kane             0  0  0  -1  2   6  5  0  0  0  0/0    18:01   1:21   0:00 
Isac Lundestrom          0  0  0   0  0   1  0  0  0  0  0/0     8:19   0:00   0:57 
Jordan Greenway          1  0  1   0  0   2  4  0  0  0  0/2    14:08   0:56   0:00 
Karson Kuhlman           0  0  0   0  0   0  0  0  0  0  0/0     7:22   0:00   0:00 
Logan Couture            0  2  2   1  0   3  0  0  0  0  10/14  16:12   0:56   0:00 
Marcus Foligno           0  1  1   1  0   1  3  0  0  0  0/0    15:59   0:00   0:43 
Mark Scheifele           0  0  0  -1  0   4  0  0  0  0  6/26   19:45   1:21   1:43 
Riley Stillman           0  0  0   0  2   0  2  0  0  0  0/0    13:49   0:00   0:00 
Ryan Hartman             0  0  0  -1  0   2  0  0  0  0  0/0    18:45   1:21   0:43 

3 Stars

1 - Charles McAvoy (SDG)
2 - Jordan Greenway (SDG)
3 - Logan Couture (SDG)

Power Play

OAKLAND GORILLAS - 1 on 4 Attempt(s) - 25,00%
SAN DIEGO THUNDER - 2 on 3 Attempt(s) - 66,67%

Penalty Kill

OAKLAND GORILLAS - 1 on 3 Attempt(s) - 33,33% - Score 0 goal in Penalty Kill
SAN DIEGO THUNDER - 3 on 4 Attempt(s) - 75,00% - Score 0 goal in Penalty Kill

Team Stat

OAKLAND GORILLAS - Hits : 18 - Faceoff Wins : 45 - Blocked Shots : 5 - Penalty Minutes : 6
SAN DIEGO THUNDER - Hits : 25 - Faceoff Wins : 24 - Blocked Shots : 5 - Penalty Minutes : 8

Official

Referees : Trevor Hanson and Mike Campbell
Linesman : Matt MacPherson and Kelsey Mahoney

Game Notes

No Game Note

Finance

Level 1 -- Attendance: 5775 (92,11%) -- Ticket Income 1 010 625 $
Level 2 -- Attendance: 4774 (89,74%) -- Ticket Income 572 880 $
Level 3 -- Attendance: 1908 (91,29%) -- Ticket Income 190 800 $
Level 4 -- Attendance: 4157 (96,23%) -- Ticket Income 290 990 $
Luxury Box -- Attendance: 881 (88,10%) -- Ticket Income 264 300 $
Total Attendance: 17495 (92,08%)
Total Ticket Income: 2 329 595 $
Other Expense: 23 296 $
Total Income: 2 306 299 $

OAKLAND GORILLAS

5 vs 5 Forward 
   Center                   Left Wing                Right Wing               Time % Phy DF OF 
 1 Nico Hischier            Conor Garland            Brock Boeser             34     1   2  2  
 2 Paul Stastny             Calle Jarnkrok           David Kampf              33     1   2  2  
 3 Boone Jenner             Joel Farabee             Mason Appleton           29     1   2  2  
 4 Nico Hischier            Nico Sturm               Paul Stastny             4      1   2  2  

5 vs 5 Defense 
   Defense                  Defense                                           Time % Phy DF OF 
 1 Zachary Werenski         Tyler Myers                                       37     1   2  2  
 2 Hampus Lindholm          Martin Fehervary                                  33     1   2  2  
 3 Jonas Siegenthaler       Cameron York                                      30     1   2  2  
 4 Zachary Werenski         Tyler Myers                                       0      1   2  2  

PowerPlay Forward 
   Center                   Left Wing                Right Wing               Time % Phy DF OF 
 1 Nico Hischier            Conor Garland            Brock Boeser             55     1   2  2  
 2 Paul Stastny             Joel Farabee             Boone Jenner             45     1   2  2  

PowerPlay Defense
   Defense                  Defense                                           Time % Phy DF OF 
 1 Zachary Werenski         Tyler Myers                                       55     1   2  2  
 2 Hampus Lindholm          Cameron York                                      45     1   2  2  

Penalty Kill 4 Players Forward 
   Center                   Wing                     Time % Phy DF OF 
 1 Paul Stastny             Nico Hischier            55     1   2  2  
 2 Boone Jenner             David Kampf              45     1   2  2  

Penalty Kill 4 Players Defense
   Defense                  Defense                  Time % Phy DF OF 
 1 Zachary Werenski         Tyler Myers              55     1   2  2  
 2 Hampus Lindholm          Martin Fehervary         45     1   2  2  

Penalty Kill - 3 Players Forward 
   Forward                                           Time % Phy DF OF 
 1 Paul Stastny                                      55     1   2  2  
 2 Nico Hischier                                     45     1   2  2  

Penalty Kill - 3 Players Defense
   Defense                  Defense                  Time % Phy DF OF 
 1 Zachary Werenski         Tyler Myers              55     1   2  2  
 2 Hampus Lindholm          Martin Fehervary         45     1   2  2  

4 vs 4 Forward 
   Center                   Wing                     Time % Phy DF OF 
 1 Paul Stastny             Nico Hischier            55     1   2  2  
 2 Boone Jenner             Brock Boeser             45     1   2  2  

4 vs 4 Defense
   Defense                  Defense                  Time % Phy DF OF 
 1 Zachary Werenski         Tyler Myers              55     1   2  2  
 2 Hampus Lindholm          Martin Fehervary         45     1   2  2  

Last Minutes Offensive
   Center                   Left Wing                Right Wing               Defense                  Defense                  
   Paul Stastny             Conor Garland            Brock Boeser             Zachary Werenski         Tyler Myers              

Last Minutes Defensive
   Center                   Left Wing                Right Wing               Defense                  Defense                  
   Paul Stastny             Conor Garland            Brock Boeser             Zachary Werenski         Tyler Myers              

Goaltenders
Starting : James Reimer             
Backup : Alexandar Georgiev       

Extra Forwards
Normal : Nico Hischier, Boone Jenner, Paul Stastny - PP : Curtis McKenzie, Joel Farabee - PK : Nico Hischier
Extra Defensemen
Normal : Jonas Siegenthaler, Cameron York, Hampus Lindholm - PP : Jonas Siegenthaler - PK : Cameron York, Hampus Lindholm
Penalty Shots
Paul Stastny, Nico Hischier, Boone Jenner, Brock Boeser, Conor Garland
Custom OT Lines Forwards
Paul Stastny, Nico Hischier, Boone Jenner, Brock Boeser, Conor Garland, Calle Jarnkrok, Joel Farabee, David Kampf, Nico Sturm, Mason Appleton
Custom OT Lines Defensemen
Zachary Werenski, Tyler Myers, Hampus Lindholm, Martin Fehervary, Jonas Siegenthaler

Scratches
Jesse Puljujarvi (Torso Injury), Patrik Laine (Dislocated Patella Injury), Travis Boyd (Sprained Left Finger Injury)

SAN DIEGO THUNDER

5 vs 5 Forward 
   Center                   Left Wing                Right Wing               Time % Phy DF OF 
 1 Mark Scheifele           Evander Kane             Ryan Hartman             34     0   3  2  
 2 Logan Couture            Marcus Foligno           Drake Batherson          31     0   2  3  
 3 Blake Coleman            Jordan Greenway          Brandon Saad             29     0   3  2  
 4 Aliaksei Protas          Isac Lundestrom          Karson Kuhlman           6      0   4  1  

5 vs 5 Defense 
   Defense                  Defense                                           Time % Phy DF OF 
 1 Charles McAvoy           Alexandre Carrier                                 38     0   2  3  
 2 Connor Murphy            Erik Cernak                                       36     0   2  3  
 3 Derek Forbort            Riley Stillman                                    26     0   3  2  
 4 Riley Stillman           Erik Cernak                                       0      0   2  3  

PowerPlay Forward 
   Center                   Left Wing                Right Wing               Time % Phy DF OF 
 1 Mark Scheifele           Evander Kane             Ryan Hartman             55     0   0  5  
 2 Logan Couture            Jordan Greenway          Drake Batherson          45     0   0  5  

PowerPlay Defense
   Defense                  Defense                                           Time % Phy DF OF 
 1 Connor Murphy            Charles McAvoy                                    55     0   1  4  
 2 Erik Cernak              Alexandre Carrier                                 45     0   1  4  

Penalty Kill 4 Players Forward 
   Center                   Wing                     Time % Phy DF OF 
 1 Blake Coleman            Brandon Saad             60     0   4  1  
 2 Ryan Hartman             Marcus Foligno           40     0   4  1  

Penalty Kill 4 Players Defense
   Defense                  Defense                  Time % Phy DF OF 
 1 Derek Forbort            Connor Murphy            55     0   5  0  
 2 Charles McAvoy           Erik Cernak              45     0   5  0  

Penalty Kill - 3 Players Forward 
   Forward                                           Time % Phy DF OF 
 1 Blake Coleman                                     55     0   5  0  
 2 Marcus Foligno                                    45     0   5  0  

Penalty Kill - 3 Players Defense
   Defense                  Defense                  Time % Phy DF OF 
 1 Charles McAvoy           Connor Murphy            55     0   4  1  
 2 Derek Forbort            Erik Cernak              45     0   4  1  

4 vs 4 Forward 
   Center                   Wing                     Time % Phy DF OF 
 1 Mark Scheifele           Logan Couture            55     0   2  3  
 2 Logan Couture            Evander Kane             45     0   2  3  

4 vs 4 Defense
   Defense                  Defense                  Time % Phy DF OF 
 1 Charles McAvoy           Derek Forbort            55     0   2  3  
 2 Connor Murphy            Erik Cernak              45     0   2  3  

Last Minutes Offensive
   Center                   Left Wing                Right Wing               Defense                  Defense                  
   Mark Scheifele           Evander Kane             Drake Batherson          Charles McAvoy           Connor Murphy            

Last Minutes Defensive
   Center                   Left Wing                Right Wing               Defense                  Defense                  
   Blake Coleman            Marcus Foligno           Ryan Hartman             Charles McAvoy           Connor Murphy            

Goaltenders
Starting : Thomas Greiss            
Backup : Connor Hellebuyck        

Extra Forwards
Normal : Mark Scheifele, Drake Batherson, Evander Kane - PP : Mark Scheifele, Drake Batherson - PK : Mark Scheifele
Extra Defensemen
Normal : Connor Murphy, Charles McAvoy, Erik Cernak - PP : Charles McAvoy - PK : Connor Murphy, Charles McAvoy
Penalty Shots
Mark Scheifele, Drake Batherson, Evander Kane, Logan Couture, Brandon Saad
Custom OT Lines Forwards
Mark Scheifele, Drake Batherson, Ryan Hartman, Evander Kane, Brandon Saad, Marcus Foligno, Logan Couture, Jordan Greenway, Isac Lundestrom, Aliaksei Protas
Custom OT Lines Defensemen
Charles McAvoy, Connor Murphy, Erik Cernak, Riley Stillman, Alexandre Carrier

Scratches
None


% Time on Ice - OAKLAND GORILLAS

Lines # - Real PCT - Wanted PCT - Time Play
Normal Forward
1 - 34% - 34% - 17:39
2 - 34% - 33% - 18:07
3 - 31% - 29% - 16:13
4 - 1% - 4% - 0:32
Normal Defense
1 - 36% - 37% - 18:42
2 - 32% - 33% - 16:49
3 - 32% - 30% - 17:00
4 - 0% - 0% - 0:00
PP Forward
1 - 58% - 55% - 3:01
2 - 42% - 45% - 2:11
PP Defense
1 - 55% - 55% - 2:53
2 - 45% - 45% - 2:19
PK Forward
1 - 75% - 55% - 1:43
2 - 25% - 45% - 0:34
PK Defense
1 - 54% - 55% - 1:14
2 - 46% - 45% - 1:03
PK3 Forward
1 - 0% - 55%
2 - 0% - 45%
PK3 Defense
1 - 0% - 55%
2 - 0% - 45%
44 Forward
1 - 0% - 55%
2 - 0% - 45%
44 Defense
1 - 0% - 55%
2 - 0% - 45%
Last Minute Offensive  - 0:00
Last Minute Defensive  - 0:00
Total
Forward - 60:00
Defense - 60:00

% Time on Ice - SAN DIEGO THUNDER

Lines # - Real PCT - Wanted PCT - Time Play
Normal Forward
1 - 32% - 34% - 16:41
2 - 29% - 31% - 15:16
3 - 25% - 29% - 13:12
4 - 14% - 6% - 7:22
Normal Defense
1 - 38% - 38% - 19:57
2 - 36% - 36% - 18:44
3 - 26% - 26% - 13:50
4 - 0% - 0% - 0:00
PP Forward
1 - 59% - 55% - 1:21
2 - 41% - 45% - 0:56
PP Defense
1 - 72% - 55% - 1:39
2 - 28% - 45% - 0:38
PK Forward
1 - 86% - 60% - 4:29
2 - 14% - 40% - 0:43
PK Defense
1 - 58% - 55% - 3:01
2 - 42% - 45% - 2:11
PK3 Forward
1 - 0% - 55%
2 - 0% - 45%
PK3 Defense
1 - 0% - 55%
2 - 0% - 45%
44 Forward
1 - 0% - 55%
2 - 0% - 45%
44 Defense
1 - 0% - 55%
2 - 0% - 45%
Last Minute Offensive  - 0:00
Last Minute Defensive  - 0:00
Total
Forward - 60:00
Defense - 60:00

Play-by-Play

1st period


0:01 of 1st period - Nico Hischier wins face-off versus Mark Scheifele in neutral zone.
0:01 of 1st period - Conor Garland is hit by Evander Kane and loses puck.
0:24 of 1st period - Shot by Evander Kane.
0:24 of 1st period - Shot Misses the Net.
1:03 of 1st period - Shot by Logan Couture.
1:03 of 1st period - Stopped by James Reimer without a rebound.
1:04 of 1st period - Paul Stastny wins face-off versus Blake Coleman in OAKLAND GORILLAS zone.
1:04 of 1st period - Paul Stastny is hit by Jordan Greenway.
1:07 of 1st period - David Kampf is hit by Blake Coleman and loses puck.
1:37 of 1st period - Riley Stillman is hit by Martin Fehervary and loses puck.
3:44 of 1st period - Shot by Evander Kane.
3:44 of 1st period - Shot Blocked by Cameron York.
3:45 of 1st period - Minor Penalty to Jonas Siegenthaler for Tripping.
3:46 of 1st period - Logan Couture wins face-off versus Paul Stastny in OAKLAND GORILLAS zone.
3:49 of 1st period - Shot by Jordan Greenway.
3:49 of 1st period - Goal by Jordan Greenway - OAKLAND GORILLAS : 0 - SAN DIEGO THUNDER : 1.
3:50 of 1st period - Blake Coleman wins face-off versus Paul Stastny in neutral zone.
4:17 of 1st period - Icing by Connor Murphy.
4:18 of 1st period - Nico Hischier wins face-off versus Blake Coleman in SAN DIEGO THUNDER zone.
4:38 of 1st period - Brock Boeser is hit by Connor Murphy.
5:11 of 1st period - Shot by Drake Batherson.
5:11 of 1st period - Goal by Drake Batherson - OAKLAND GORILLAS : 0 - SAN DIEGO THUNDER : 2.
5:12 of 1st period - Calle Jarnkrok wins face-off versus Mark Scheifele in neutral zone.
6:00 of 1st period - Tyler Myers is hit by Riley Stillman and loses puck.
6:49 of 1st period - Shot by Logan Couture.
6:49 of 1st period - Shot Misses the Net.
6:51 of 1st period - Shot by Logan Couture.
6:51 of 1st period - Stopped by James Reimer without a rebound.
6:52 of 1st period - Nico Hischier wins face-off versus Blake Coleman in OAKLAND GORILLAS zone.
7:01 of 1st period - Icing by Connor Murphy.
7:02 of 1st period - Nico Hischier wins face-off versus Blake Coleman in SAN DIEGO THUNDER zone.
7:13 of 1st period - Shot by Brock Boeser.
7:13 of 1st period - Shot Misses the Net.
7:15 of 1st period - Shot by Hampus Lindholm.
7:15 of 1st period - Shot Misses the Net.
7:24 of 1st period - Icing by Blake Coleman.
7:25 of 1st period - Blake Coleman wins face-off versus Paul Stastny in SAN DIEGO THUNDER zone.
7:58 of 1st period - Shot by Calle Jarnkrok.
7:58 of 1st period - Stopped by Thomas Greiss without a rebound.
7:59 of 1st period - Logan Couture wins face-off versus Nico Hischier in SAN DIEGO THUNDER zone.
8:14 of 1st period - Shot by Nico Hischier.
8:14 of 1st period - Shot Misses the Net.
9:30 of 1st period - Riley Stillman is hit by Boone Jenner and loses puck.
10:09 of 1st period - Isac Lundestrom is hit by Tyler Myers and loses puck.
10:30 of 1st period - Shot by Aliaksei Protas.
10:30 of 1st period - Deflect By Isac Lundestrom.
10:30 of 1st period - Shot Blocked by Tyler Myers.
10:40 of 1st period - Tyler Myers is hit by Blake Coleman and loses puck.
10:49 of 1st period - Shot by Brandon Saad.
10:49 of 1st period - Shot Blocked by Tyler Myers.
11:49 of 1st period - Icing by Paul Stastny.
11:50 of 1st period - Calle Jarnkrok wins face-off versus Mark Scheifele in OAKLAND GORILLAS zone.
12:05 of 1st period - Shot by Ryan Hartman.
12:05 of 1st period - Shot Misses the Net.
12:11 of 1st period - Shot by Ryan Hartman.
12:11 of 1st period - Shot Misses the Net.
12:13 of 1st period - Shot by Ryan Hartman.
12:13 of 1st period - Shot Misses the Net.
12:15 of 1st period - Shot by Ryan Hartman.
12:15 of 1st period - Shot Misses the Net.
12:27 of 1st period - Shot by Ryan Hartman.
12:27 of 1st period - Shot Misses the Net.
12:37 of 1st period - Shot by Evander Kane.
12:37 of 1st period - Stopped by James Reimer without a rebound.
12:38 of 1st period - Nico Hischier wins face-off versus Drake Batherson in OAKLAND GORILLAS zone.
13:12 of 1st period - Shot by Nico Hischier.
13:12 of 1st period - Stopped by Thomas Greiss without a rebound.
13:13 of 1st period - Nico Hischier wins face-off versus Blake Coleman in SAN DIEGO THUNDER zone.
13:23 of 1st period - Minor Penalty to Blake Coleman for High sticking.
13:24 of 1st period - Nico Hischier wins face-off versus Mark Scheifele in SAN DIEGO THUNDER zone.
13:44 of 1st period - Shot by Conor Garland.
13:44 of 1st period - Goal by Conor Garland - OAKLAND GORILLAS : 1 - SAN DIEGO THUNDER : 2.
13:45 of 1st period - Logan Couture wins face-off versus Calle Jarnkrok in neutral zone.
14:08 of 1st period - Logan Couture is hit by Cameron York and loses puck.
14:27 of 1st period - Icing by Alexandre Carrier.
14:28 of 1st period - Nico Hischier wins face-off versus Logan Couture in SAN DIEGO THUNDER zone.
14:29 of 1st period - Shot by Conor Garland.
14:29 of 1st period - Stopped by Thomas Greiss without a rebound.
14:30 of 1st period - Nico Hischier wins face-off versus Mark Scheifele in SAN DIEGO THUNDER zone.
14:38 of 1st period - Minor Penalty to Nico Hischier for Holding.
14:39 of 1st period - Mark Scheifele wins face-off versus Paul Stastny in OAKLAND GORILLAS zone.
14:56 of 1st period - Shot by Mark Scheifele.
14:56 of 1st period - Stopped by James Reimer with a rebound.
15:08 of 1st period - Hampus Lindholm is hit by Evander Kane and loses puck.
15:45 of 1st period - Shot by Logan Couture.
15:45 of 1st period - Shot Misses the Net.
16:09 of 1st period - Shot by Jordan Greenway.
16:09 of 1st period - Stopped by James Reimer without a rebound.
16:10 of 1st period - Paul Stastny wins face-off versus Mark Scheifele in OAKLAND GORILLAS zone.
16:10 of 1st period - Paul Stastny is hit by Evander Kane.
16:52 of 1st period - Aliaksei Protas is hit by Boone Jenner and loses puck.
17:05 of 1st period - Shot by Karson Kuhlman.
17:05 of 1st period - Deflect By Isac Lundestrom.
17:05 of 1st period - Shot Misses the Net.
17:17 of 1st period - Shot by Isac Lundestrom.
17:17 of 1st period - Stopped by James Reimer without a rebound.
17:18 of 1st period - Nico Hischier wins face-off versus Jordan Greenway in OAKLAND GORILLAS zone.
17:18 of 1st period - Nico Hischier is hit by Jordan Greenway.
17:39 of 1st period - Shot by Nico Hischier.
17:39 of 1st period - Stopped by Thomas Greiss without a rebound.
17:40 of 1st period - Mark Scheifele wins face-off versus Paul Stastny in SAN DIEGO THUNDER zone.
17:48 of 1st period - Shot by Mark Scheifele.
17:48 of 1st period - Shot Misses the Net.
18:51 of 1st period - Shot by Conor Garland.
18:51 of 1st period - Shot Misses the Net.
Goals for this period are 1 for OAKLAND GORILLAS vs 2 for SAN DIEGO THUNDER.
Shots for this period are 5 for OAKLAND GORILLAS vs 8 for SAN DIEGO THUNDER.

2nd period


0:01 of 2nd period - Nico Hischier wins face-off versus Mark Scheifele in neutral zone.
0:18 of 2nd period - Shot by Ryan Hartman.
0:18 of 2nd period - Stopped by James Reimer without a rebound.
0:19 of 2nd period - Brandon Saad wins face-off versus Paul Stastny in OAKLAND GORILLAS zone.
0:29 of 2nd period - Blake Coleman is hit by Jonas Siegenthaler and loses puck.
1:00 of 2nd period - Shot by Calle Jarnkrok.
1:00 of 2nd period - Shot Misses the Net.
1:02 of 2nd period - Shot by Paul Stastny.
1:02 of 2nd period - Shot Misses the Net.
2:01 of 2nd period - Icing by Charles McAvoy.
2:02 of 2nd period - Boone Jenner wins face-off versus Blake Coleman in SAN DIEGO THUNDER zone.
3:36 of 2nd period - Shot by Evander Kane.
3:36 of 2nd period - Shot Blocked by Cameron York.
3:42 of 2nd period - Shot by Paul Stastny.
3:42 of 2nd period - Stopped by Thomas Greiss without a rebound.
3:43 of 2nd period - Logan Couture wins face-off versus Brock Boeser in SAN DIEGO THUNDER zone.
4:00 of 2nd period - Shot by Logan Couture.
4:00 of 2nd period - Stopped by James Reimer without a rebound.
4:01 of 2nd period - Aliaksei Protas wins face-off versus Boone Jenner in OAKLAND GORILLAS zone.
4:15 of 2nd period - Connor Murphy is hit by Mason Appleton.
4:30 of 2nd period - Zachary Werenski is hit by Erik Cernak and loses puck.
5:28 of 2nd period - Shot by Evander Kane.
5:28 of 2nd period - Stopped by James Reimer without a rebound.
5:29 of 2nd period - Paul Stastny wins face-off versus Logan Couture in OAKLAND GORILLAS zone.
5:29 of 2nd period - Paul Stastny is hit by Marcus Foligno.
5:45 of 2nd period - Icing by Jonas Siegenthaler.
5:46 of 2nd period - Paul Stastny wins face-off versus Mark Scheifele in OAKLAND GORILLAS zone.
6:05 of 2nd period - Shot by Paul Stastny.
6:05 of 2nd period - Shot Blocked by Connor Murphy.
6:07 of 2nd period - Shot by Jonas Siegenthaler.
6:07 of 2nd period - Stopped by Thomas Greiss with a rebound.
6:09 of 2nd period - Shot by Calle Jarnkrok.
6:09 of 2nd period - Stopped by Thomas Greiss with a rebound.
6:11 of 2nd period - Shot by Cameron York.
6:11 of 2nd period - Stopped by Thomas Greiss without a rebound.
6:12 of 2nd period - Logan Couture wins face-off versus Nico Hischier in SAN DIEGO THUNDER zone.
6:25 of 2nd period - Shot by Drake Batherson.
6:25 of 2nd period - Stopped by James Reimer without a rebound.
6:26 of 2nd period - Boone Jenner wins face-off versus Mark Scheifele in OAKLAND GORILLAS zone.
6:34 of 2nd period - Icing by Riley Stillman.
6:35 of 2nd period - Nico Hischier wins face-off versus Mark Scheifele in SAN DIEGO THUNDER zone.
6:35 of 2nd period - Nico Hischier is hit by Riley Stillman.
7:11 of 2nd period - Shot by Evander Kane.
7:11 of 2nd period - Shot Misses the Net.
7:13 of 2nd period - Shot by Evander Kane.
7:13 of 2nd period - Shot Misses the Net.
7:43 of 2nd period - Shot by Marcus Foligno.
7:43 of 2nd period - Shot Misses the Net.
8:42 of 2nd period - Icing by Jonas Siegenthaler.
8:43 of 2nd period - Mark Scheifele wins face-off versus Boone Jenner in OAKLAND GORILLAS zone.
8:52 of 2nd period - Shot by Mark Scheifele.
8:52 of 2nd period - Stopped by James Reimer with a rebound.
8:58 of 2nd period - Shot by Mark Scheifele.
8:58 of 2nd period - Stopped by James Reimer with a rebound.
9:02 of 2nd period - Shot by Evander Kane.
9:02 of 2nd period - Shot Misses the Net.
9:04 of 2nd period - Shot by Evander Kane.
9:04 of 2nd period - Stopped by James Reimer without a rebound.
9:05 of 2nd period - Nico Hischier wins face-off versus Blake Coleman in OAKLAND GORILLAS zone.
9:05 of 2nd period - Conor Garland is hit by Jordan Greenway and loses puck.
9:22 of 2nd period - Minor Penalty to Riley Stillman for Interference.
9:23 of 2nd period - Blake Coleman wins face-off versus Paul Stastny in SAN DIEGO THUNDER zone.
9:31 of 2nd period - Icing by Boone Jenner.
9:32 of 2nd period - Paul Stastny wins face-off versus Blake Coleman in OAKLAND GORILLAS zone.
10:09 of 2nd period - Shot by Boone Jenner.
10:09 of 2nd period - Shot Misses the Net.
10:35 of 2nd period - Nico Hischier is hit by Marcus Foligno and loses puck.
10:58 of 2nd period - Shot by Brock Boeser.
10:58 of 2nd period - Deflect By Nico Hischier.
10:58 of 2nd period - Stopped by Thomas Greiss without a rebound.
10:59 of 2nd period - Nico Hischier wins face-off versus Mark Scheifele in SAN DIEGO THUNDER zone.
11:10 of 2nd period - Shot by Brock Boeser.
11:10 of 2nd period - Deflect By Conor Garland.
11:10 of 2nd period - Shot Misses the Net.
11:16 of 2nd period - Shot by Mark Scheifele.
11:16 of 2nd period - Shot Misses the Net.
11:22 of 2nd period - Shot by Brandon Saad.
11:22 of 2nd period - Stopped by James Reimer with a rebound.
11:31 of 2nd period - David Kampf is hit by Charles McAvoy and loses puck.
12:22 of 2nd period - Shot by Boone Jenner.
12:22 of 2nd period - Shot Blocked by Alexandre Carrier.
12:24 of 2nd period - Shot by Cameron York.
12:24 of 2nd period - Stopped by Thomas Greiss with a rebound.
12:26 of 2nd period - Shot by Cameron York.
12:26 of 2nd period - Shot Misses the Net.
12:28 of 2nd period - Shot by Mason Appleton.
12:28 of 2nd period - Stopped by Thomas Greiss with a rebound.
12:51 of 2nd period - Boone Jenner is hit by Alexandre Carrier.
13:17 of 2nd period - Shot by Nico Hischier.
13:17 of 2nd period - Stopped by Thomas Greiss without a rebound.
13:18 of 2nd period - Paul Stastny wins face-off versus Mark Scheifele in SAN DIEGO THUNDER zone.
13:22 of 2nd period - Icing by Connor Murphy.
13:23 of 2nd period - Mark Scheifele wins face-off versus Nico Hischier in SAN DIEGO THUNDER zone.
13:59 of 2nd period - Ryan Hartman is hit by Brock Boeser and loses puck.
14:22 of 2nd period - Icing by Evander Kane.
14:23 of 2nd period - Paul Stastny wins face-off versus Mark Scheifele in SAN DIEGO THUNDER zone.
14:28 of 2nd period - Shot by Calle Jarnkrok.
14:28 of 2nd period - Shot Misses the Net.
14:41 of 2nd period - Icing by Connor Murphy.
14:42 of 2nd period - Boone Jenner wins face-off versus Mark Scheifele in SAN DIEGO THUNDER zone.
14:53 of 2nd period - Shot by Joel Farabee.
14:53 of 2nd period - Goal by Joel Farabee - OAKLAND GORILLAS : 2 - SAN DIEGO THUNDER : 2.
14:54 of 2nd period - Logan Couture wins face-off versus Paul Stastny in neutral zone.
15:04 of 2nd period - Marcus Foligno is hit by Martin Fehervary and loses puck.
15:40 of 2nd period - Icing by Riley Stillman.
15:41 of 2nd period - Nico Hischier wins face-off versus Logan Couture in SAN DIEGO THUNDER zone.
16:02 of 2nd period - Marcus Foligno is hit by Nico Hischier and loses puck.
16:56 of 2nd period - Blake Coleman is hit by Cameron York and loses puck.
17:31 of 2nd period - Shot by Ryan Hartman.
17:31 of 2nd period - Shot Misses the Net.
17:33 of 2nd period - Shot by Ryan Hartman.
17:33 of 2nd period - Stopped by James Reimer without a rebound.
17:34 of 2nd period - Paul Stastny wins face-off versus Aliaksei Protas in OAKLAND GORILLAS zone.
17:34 of 2nd period - Paul Stastny is hit by Aliaksei Protas.
18:17 of 2nd period - Icing by Erik Cernak.
18:18 of 2nd period - Nico Hischier wins face-off versus Aliaksei Protas in SAN DIEGO THUNDER zone.
19:01 of 2nd period - Shot by Brock Boeser.
19:01 of 2nd period - Shot Misses the Net.
19:14 of 2nd period - Off-side.
19:15 of 2nd period - Mark Scheifele wins face-off versus Calle Jarnkrok in neutral zone.
19:53 of 2nd period - Shot by Evander Kane.
19:53 of 2nd period - Stopped by James Reimer without a rebound.
19:54 of 2nd period - Logan Couture wins face-off versus Boone Jenner in OAKLAND GORILLAS zone.
Goals for this period are 1 for OAKLAND GORILLAS vs 0 for SAN DIEGO THUNDER.
Shots for this period are 9 for OAKLAND GORILLAS vs 10 for SAN DIEGO THUNDER.

3rd period


0:01 of 3rd period - Nico Hischier wins face-off versus Mark Scheifele in neutral zone.
0:18 of 3rd period - Shot by Mark Scheifele.
0:18 of 3rd period - Shot Misses the Net.
0:20 of 3rd period - Shot by Evander Kane.
0:20 of 3rd period - Stopped by James Reimer without a rebound.
0:21 of 3rd period - Logan Couture wins face-off versus Boone Jenner in OAKLAND GORILLAS zone.
0:22 of 3rd period - Shot by Drake Batherson.
0:22 of 3rd period - Shot Blocked by Boone Jenner.
0:24 of 3rd period - Shot by Marcus Foligno.
0:24 of 3rd period - Shot Misses the Net.
0:41 of 3rd period - Icing by Martin Fehervary.
0:42 of 3rd period - Boone Jenner wins face-off versus Blake Coleman in OAKLAND GORILLAS zone.
0:51 of 3rd period - Shot by Boone Jenner.
0:51 of 3rd period - Shot Misses the Net.
1:08 of 3rd period - Icing by Connor Murphy.
1:09 of 3rd period - Blake Coleman wins face-off versus Nico Hischier in SAN DIEGO THUNDER zone.
1:14 of 3rd period - Brock Boeser is hit by Jordan Greenway and loses puck.
1:33 of 3rd period - Shot by Blake Coleman.
1:33 of 3rd period - Stopped by James Reimer without a rebound.
1:34 of 3rd period - Paul Stastny wins face-off versus Mark Scheifele in OAKLAND GORILLAS zone.
2:14 of 3rd period - Charles McAvoy is hit by Calle Jarnkrok and loses puck.
2:24 of 3rd period - Off-side.
2:25 of 3rd period - Logan Couture wins face-off versus Nico Hischier in neutral zone.
2:25 of 3rd period - Logan Couture is hit by Nico Hischier.
2:28 of 3rd period - Minor Penalty to Tyler Myers for Hooking.
2:29 of 3rd period - Paul Stastny wins face-off versus Jordan Greenway in OAKLAND GORILLAS zone.
2:42 of 3rd period - Shot by Charles McAvoy.
2:42 of 3rd period - Goal by Charles McAvoy - OAKLAND GORILLAS : 2 - SAN DIEGO THUNDER : 3.
2:43 of 3rd period - Boone Jenner wins face-off versus Aliaksei Protas in neutral zone.
3:45 of 3rd period - Shot by Hampus Lindholm.
3:45 of 3rd period - Stopped by Thomas Greiss without a rebound.
3:46 of 3rd period - Paul Stastny wins face-off versus Logan Couture in SAN DIEGO THUNDER zone.
4:03 of 3rd period - Shot by Marcus Foligno.
4:03 of 3rd period - Stopped by James Reimer without a rebound.
4:04 of 3rd period - Nico Hischier wins face-off versus Mark Scheifele in OAKLAND GORILLAS zone.
4:04 of 3rd period - Nico Hischier is hit by Evander Kane.
4:56 of 3rd period - Icing by Ryan Hartman.
4:57 of 3rd period - Mark Scheifele wins face-off versus Paul Stastny in SAN DIEGO THUNDER zone.
5:55 of 3rd period - Off-side.
5:56 of 3rd period - Boone Jenner wins face-off versus Blake Coleman in neutral zone.
6:05 of 3rd period - Shot by Joel Farabee.
6:05 of 3rd period - Shot Blocked by Derek Forbort.
6:25 of 3rd period - Shot by Joel Farabee.
6:25 of 3rd period - Shot Misses the Net.
7:15 of 3rd period - Shot by Mark Scheifele.
7:15 of 3rd period - Stopped by James Reimer with a rebound.
7:17 of 3rd period - Shot by Evander Kane.
7:17 of 3rd period - Stopped by James Reimer without a rebound.
7:18 of 3rd period - Logan Couture wins face-off versus Paul Stastny in OAKLAND GORILLAS zone.
7:41 of 3rd period - Tyler Myers is hit by Marcus Foligno.
9:17 of 3rd period - Icing by Jonas Siegenthaler.
9:18 of 3rd period - Boone Jenner wins face-off versus Blake Coleman in OAKLAND GORILLAS zone.
9:26 of 3rd period - Brandon Saad is hit by Jonas Siegenthaler and loses puck.
9:42 of 3rd period - Blake Coleman is hit by Cameron York and loses puck.
10:28 of 3rd period - Minor Penalty to Evander Kane for Interference.
10:29 of 3rd period - Nico Hischier wins face-off versus Blake Coleman in SAN DIEGO THUNDER zone.
11:01 of 3rd period - Charles McAvoy is hit by Conor Garland.
11:33 of 3rd period - Shot by Joel Farabee.
11:33 of 3rd period - Shot Blocked by Connor Murphy.
11:51 of 3rd period - Shot by Boone Jenner.
11:51 of 3rd period - Stopped by Thomas Greiss without a rebound.
11:52 of 3rd period - Blake Coleman wins face-off versus Nico Hischier in SAN DIEGO THUNDER zone.
11:52 of 3rd period - Blake Coleman is hit by Conor Garland.
13:44 of 3rd period - Icing by Alexandre Carrier.
13:45 of 3rd period - Boone Jenner wins face-off versus Mark Scheifele in SAN DIEGO THUNDER zone.
13:45 of 3rd period - Boone Jenner is hit by Alexandre Carrier.
13:47 of 3rd period - Shot by Joel Farabee.
13:47 of 3rd period - Stopped by Thomas Greiss without a rebound.
13:48 of 3rd period - Boone Jenner wins face-off versus Aliaksei Protas in SAN DIEGO THUNDER zone.
13:58 of 3rd period - Icing by Joel Farabee.
13:59 of 3rd period - Boone Jenner wins face-off versus Mark Scheifele in OAKLAND GORILLAS zone.
14:19 of 3rd period - Shot by Boone Jenner.
14:19 of 3rd period - Stopped by Thomas Greiss without a rebound.
14:20 of 3rd period - Nico Hischier wins face-off versus Blake Coleman in SAN DIEGO THUNDER zone.
14:27 of 3rd period - Shot by Nico Hischier.
14:27 of 3rd period - Shot Blocked by Charles McAvoy.
15:18 of 3rd period - Shot by Evander Kane.
15:18 of 3rd period - Shot Misses the Net.
15:20 of 3rd period - Shot by Ryan Hartman.
15:20 of 3rd period - Shot Misses the Net.
17:08 of 3rd period - Shot by Paul Stastny.
17:08 of 3rd period - Stopped by Thomas Greiss without a rebound.
17:09 of 3rd period - Blake Coleman wins face-off versus Joel Farabee in SAN DIEGO THUNDER zone.
17:29 of 3rd period - Shot by Brandon Saad.
17:29 of 3rd period - Shot Misses the Net.
17:31 of 3rd period - Shot by Blake Coleman.
17:31 of 3rd period - Stopped by James Reimer without a rebound.
17:32 of 3rd period - David Kampf wins face-off versus Mark Scheifele in OAKLAND GORILLAS zone.
17:32 of 3rd period - David Kampf is hit by Evander Kane.
18:37 of 3rd period - Alexandre Carrier is hit by Calle Jarnkrok and loses puck.
18:51 of 3rd period - Joel Farabee is hit by Charles McAvoy and loses puck.
19:00 of 3rd period - OAKLAND GORILLAS, James Reimer is pulled from the net.
19:01 of 3rd period - Boone Jenner is hit by Charles McAvoy.
19:04 of 3rd period - Joel Farabee is hit by Alexandre Carrier and loses puck.
19:06 of 3rd period - Minor Penalty to Alexandre Carrier for Roughing.
19:07 of 3rd period - Paul Stastny wins face-off versus Blake Coleman in SAN DIEGO THUNDER zone.
Goals for this period are 0 for OAKLAND GORILLAS vs 1 for SAN DIEGO THUNDER.
Shots for this period are 5 for OAKLAND GORILLAS vs 7 for SAN DIEGO THUNDER.


SEBASTIAN
AHO
MARK
SCHEIFELE
JAKE
OETTINGER

EAST COAST

HOCKEY LEAGUE

  • 17.QUE3CHI2
  • 18.CHA2LIM4
  • 19.TRV3LON2
  • 20.CHW1BAL2
  • 21.PITMAN
  • 22.ATLNHW
  • 23.WORPET
  • 24.RHI